 Dungeon Crawl Stone Soup version 0.22.1-2-g9c5b331 (webtiles) character file.

92 Matador8 the Poker (level 4, -2/33 HPs)
             Began as a Merfolk Skald on Dec 17, 2018.
             Killed from afar by an orc wizard (6 damage)
             ... with a puff of frost
             ... on level 3 of the Dungeon.
             The game lasted 00:12:25 (2527 turns).

Matador8 the Poker (Merfolk Skald)                  Turns: 2527, Time: 00:12:25

Health: -2/33      AC:  3    Str: 12    XL:     4   Next: 60%
Magic:  4/7        EV: 12    Int: 12    God:
Gold:   88         SH:  0    Dex: 13    Spells: 2/8 levels left

rFire    . . .     SeeInvis .   a - +0 spear
rCold    . . .     Gourm    .   (no shield)
rNeg     . . .     Faith    .   b - +0 leather armour
rPois    .         Spirit   .   (no helmet)
rElec    .         Reflect  .   (no cloak)
rCorr    .         Harm     .   (no gloves)
MR       .....                  (no boots)
Stlth    +.........             (no amulet)
HPRegen  0.11/turn              (no ring)
MPRegen  0.10/turn              (no ring)

@: infused
A: change form in water, swift swim, stealthy swim
a: no special abilities


You were on level 3 of the Dungeon.
You were not hungry.

You visited 1 branch of the dungeon, and saw 3 of its levels.

You collected 88 gold pieces.

Inventory:

Hand Weapons
 a - a +0 spear (weapon)
Missiles
 h - 2 throwing nets (quivered)
Armour
 b - a +0 leather armour (worn)
 f - a +2 pair of gloves
 i - a +0 ring mail
Jewellery
 m - an uncursed ring of positive energy {unknown}
Scrolls
 c - a scroll of fear {unknown}
 e - 2 scrolls of magic mapping {unknown}
 g - 3 scrolls of remove curse {unknown}
 j - a scroll of amnesia {unknown}
 k - a scroll of noise {unknown}
 r - a scroll of identify {unknown}
Potions
 l - a potion of might {unknown}
 n - a potion of mutation {unknown}
 o - a potion of heal wounds {unknown}
 p - a potion of curing {unknown}
Comestibles
 d - 4 rations
 q - 3 chunks of flesh


   Skills:
 - Level 2.1 Fighting
 * Level 5.3 Polearms
 - Level 0.6 Armour
 - Level 2.6 Dodging
 + Level 2.6 Spellcasting
 + Level 4.1 Charms


You had 2 spell levels left.
You knew the following spells:

 Your Spells              Type           Power        Failure   Level  Hunger
a - Infusion              Chrm           ##..         6%          1    #......
b - Shroud of Golubria    Chrm/Tloc      #.........   22%         2    ###....
c - Spectral Weapon       Hex/Chrm       #.......     38%         3    ###....

Your spell library contained the following spells:

 Spells                   Type           Power        Failure   Level  Hunger
 Song of Slaying          Chrm           ##......     9%          2    ###....
 Regeneration             Chrm/Necr      #.........   38%         3    ###....


Dungeon Overview and Level Annotations

Branches:
Dungeon (3/15)

Altars:


Message History

The orc wizard points at you and mumbles some strange words.
The magic dart hits you!
You barely miss the orc wizard.
The orc wizard is severely wounded.
You hit the orc wizard but do no damage.
The orc wizard is severely wounded.
The orc wizard gestures at you while chanting.
The magic dart hits you!
* * * LOW HITPOINT WARNING * * *
You hit the orc wizard but do no damage.
The orc wizard is severely wounded.
The orc wizard hits you but does no damage.
You barely miss the orc wizard.
The orc wizard is severely wounded.
The orc wizard barely misses you.
You hit the orc wizard.
The orc wizard is severely wounded.
The orc wizard gestures at you while chanting.
The puff of frost hits you!
You die...

....################
#...........
...>.))............#
#...........
###.##############.#
#........... ...
#.###........... ###.
#..##........... ..
##.##........... ..
#..##########'# ...
.############.##########.#
...
......(oo@................
####...######.#####'###.#
..####...### #.#..(...##..
...........# #(.......####
...........# ##..(....#
..........(# #.......#
..........)#####..)....# #
...........o...#..#........
...........8...##.#........


You could see an orc wizard and an orc.

Vanquished Creatures
  An iguana (D:3)
  An ooze (D:1)
  2 leopard geckos
  12 orcs
  3 bats
  A giant cockroach (D:1)
  4 goblins
  6 hobgoblins
  10 kobolds
  3 frilled lizards
  5 rats
48 creatures vanquished.

Notes
Turn   | Place    | Note
-------+----------+-------------------------------------------
     0 | D:1      | Matador8 the Merfolk Skald began the quest for the Orb.
     0 | D:1      | Reached XP level 1. HP: 16/16 MP: 3/3
    52 | D:1      | Reached XP level 2. HP: 22/22 MP: 1/5
   372 | D:1      | Reached skill level 4 in Polearms
   386 | D:1      | Learned a level 2 spell: Shroud of Golubria
   698 | D:2      | Reached XP level 3. HP: 25/27 MP: 1/6
  1288 | D:2      | Learned a level 3 spell: Spectral Weapon
  2078 | D:3      | Reached skill level 5 in Polearms
  2078 | D:3      | Reached XP level 4. HP: 4/33 MP: 2/7
  2476 | D:3      | Found a faded altar of an unknown god.
  2527 | D:3      | Killed from afar by an orc wizard

Skill      XL: |  1  2  3 |
---------------+----------+-----
Polearms       | 4 5 |  5.3
Charms         | 4 |  4.1
Fighting       | |  2.1
Armour         | |  0.6
Dodging        | |  2.6
Spellcasting   | |  2.6

Action                   |  1- 3 |  4- 6 || total
-------------------------+-------+-------++-------
Melee: Spear             |   160 |    38 ||   198
 Cast: Infusion          |    14 |     4 ||    18
       Shroud of Golubri |     2 |       ||     2
       Spectral Weapon   |     1 |       ||     1
 Stab: Sleeping          |     1 |       ||     1
  Eat: Chunk             |     4 |     2 ||     6
Armor: Leather armour    |    19 |     4 ||    23
Dodge: Dodged            |    76 |     5 ||    81
